 Dungeon Crawl Stone Soup version 0.22-b1-26-g9dbaab1 (webtiles) character file.

5288 Lew the Covert (level 10, -3/154 HPs)
             Began as a Naga Fighter on Aug 7, 2018.
             Was an Initiate of Gozag.
             Slain by a warg (7 damage)
             ... on level 1 of the Orcish Mines.
             The game lasted 00:45:41 (8942 turns).

Lew the Covert (Naga Fighter)                       Turns: 8942, Time: 00:45:42

Health: -3/154     AC: 13    Str: 26      XL:     10   Next: 63%
Magic:  10/10      EV:  9    Int:  9      God:    Gozag
Gold:   1235       SH:  0    Dex: 10 (11) Spells: 9/9 levels left

rFire    . . .     SeeInvis +   v - +1 war axe (flame)
rCold    . . .     Gourm    .   (no shield)
rNeg     . . .     Faith    .   m - +0 scale mail
rPois    +         Spirit   .   t - +0 helmet
rElec    .         Reflect  .   k - +1 cloak
rCorr    .         Harm     .   j - +0 pair of gloves
MR       +....                  (no barding)
Stlth    ..........             (no amulet)
HPRegen  0.35/turn              h - ring of flight
MPRegen  0.12/turn              (no ring)

@: berserking, gold aura, quick
A: large, thin metallic scales 1, see invisible, deformed body, poison
resistance, robust 1, slowness 2, slow metabolism 1, spit poison 1, AC +3
a: Spit Poison, Potion Petition, Call Merchant, Bribe Branch, Renounce Religion,
Evoke Flight


You were on level 1 of the Orcish Mines.
You worshipped Gozag.
Gozag was most pleased with you.
You were not hungry.

You visited 3 branches of the dungeon, and saw 11 of its levels.

You collected 1266 gold pieces.
You paid 31 gold pieces to Gozag.

Inventory:

Hand Weapons
 g - a +2 quarterstaff of chaos
 u - the +6 dagger of Domination {pierce, Str+5, unknown}
   (You found it on level 7 of the Dungeon)

   It inflicts extra damage upon your enemies.
   It affects your strength (+5).
 v - a +1 war axe of flaming (weapon)
 y - a +0 bardiche
Missiles
 a - a throwing net
 i - 13 tomahawks (quivered)
Armour
 c - a +0 shield
 j - a +0 pair of gloves (worn)
 k - a +1 cloak (worn)
 m - a +0 scale mail (worn)
 t - a +0 helmet (worn)
Jewellery
 h - a ring of flight (left hand)
Scrolls
 d - a scroll of magic mapping
 e - 4 scrolls of immolation
 n - 3 scrolls of teleportation
 o - 2 scrolls of amnesia
 p - a scroll of remove curse
 q - 3 scrolls of fog
 r - a scroll of enchant armour
 x - a scroll of enchant weapon
Potions
 w - a potion of curing
 z - a potion of brilliance
 A - a potion of might
Comestibles
 f - 3 rations


   Skills:
 - Level 7.6 Fighting
 * Level 7.3 Axes
 - Level 6.6 Staves
 - Level 2.4 Armour
 - Level 3.6 Dodging
 - Level 12.8 Stealth
 - Level 2.4 Shields


You had 9 spell levels left.
You didn't know any spells.
Your spell library was empty.

Dungeon Overview and Level Annotations

Branches:
Dungeon (9/15)             Temple (1/1) D:4             Orc (1/2) D:9
   Lair: D:8-11

Altars:
Ashenzari
Cheibriados
Elyvilon
Fedhas
Gozag
Hepliaklqana
Kikubaaqudgha
Makhleb
Nemelex Xobeh
Qazlal
Ru
Sif Muna
Trog
Uskayaw
Vehumet
Wu Jian
Yredelemnul
Zin
The Shining One


Innate Abilities, Weirdness & Mutations

You cannot wear boots.
Your serpentine skin is tough. (AC +3)
You have supernaturally acute eyesight. (SInv)
Armour fits poorly on your strangely shaped body.
Your system is resistant to poisons. (rPois)
You cover ground very slowly.
You have a slow metabolism.
You can spit poison.
You are partially covered in thin metallic scales. (AC +2)
You are robust. (+10% HP)


Message History

* * * LOW HITPOINT WARNING * * *
The warg bites you.
* * * LOW HITPOINT WARNING * * *
You slice the warg!! You burn the warg.
You kill the warg!
You slash the warg! You burn the warg. The warg barely misses you.
You slash the ogre! You burn the ogre.
The ogre is heavily wounded.
You barely miss the warg. The warg bites you.
* * * LOW HITPOINT WARNING * * *
You completely miss the ogre.
The ogre is heavily wounded.
You barely miss the warg. The warg bites you!
* * * LOW HITPOINT WARNING * * *
The ogre completely misses you.
You slash the ogre! You burn the ogre.
You kill the ogre!
You closely miss the warg. The warg bites you!
You die...
Your body crumbles into a pile of gold.

... .... ##....
...... ....##.#..#
...... #......$..##
#...... $
##.........##.......
#.....$....#........
.$........##....$...
#...#......#$.......
#...<..$$@$......
#..$....h........
....................
$...................
.....#..........$...
................#..>
$
....................
....................


You could see a warg.

Vanquished Creatures
  Pikel (D:7)
  2 hippogriffs
  A hungry ghost (D:9)
  A warg (Orc:1)
  A water moccasin (D:8)
  4 orc warriors
  4 slaves (D:7)
  5 sky beasts
  A black bear (D:7)
  A necrophage (D:7)
  4 phantoms
  6 ogres
  3 centaurs
  4 bullfrogs
  4 scorpions
  9 wights
  A crimson imp (D:8)
  A bullfrog zombie (D:7)
  A quasit (D:8)
  3 orc priests
  3 hounds (D:4)
  A centaur skeleton (D:5)
  9 orc wizards
  Crazy Yiuf (D:3)
  Terence (D:2)
  5 iguanas
  7 worker ants
  2 hound skeletons (D:7)
  A worker ant zombie (D:5)
  A howler monkey skeleton (D:8)
  8 adders
  2 oozes (D:3)
  2 worms (D:3)
  An adder skeleton (D:4)
  4 dart slugs
  5 leopard geckos
  43 orcs
  8 bats
  10 giant cockroaches
  6 goblins
  9 hobgoblins
  10 jackals
  7 kobolds
  4 quokkas
  A frilled lizard (D:2)
  2 jackal skeletons
  7 rats
217 creatures vanquished.

Vanquished Creatures (others)
  A bat (D:1)
1 creature vanquished.

Grand Total: 218 creatures vanquished

Notes
Turn   | Place    | Note
-------+----------+-------------------------------------------
     0 | D:1      | Lew the Naga Fighter began the quest for the Orb.
     0 | D:1      | Reached XP level 1. HP: 21/21 MP: 1/1
    99 | D:1      | Reached skill level 1 in Stealth
   102 | D:1      | Reached XP level 2. HP: 26/28 MP: 2/2
   106 | D:1      | Reached skill level 2 in Stealth
   657 | D:1      | Reached XP level 3. HP: 32/34 MP: 3/3
   756 | D:2      | Reached skill level 3 in Stealth
  1105 | D:2      | Found a snail-covered altar of Cheibriados.
  1105 | D:2      | Found a hazy altar of Hepliaklqana.
  1142 | D:2      | Found a sacrificial altar of Ru.
  1397 | D:2      | Found an ancient bone altar of Kikubaaqudgha.
  1402 | D:2      | Noticed Terence
  1417 | D:2      | Killed Terence
  1417 | D:2      | Reached skill level 4 in Stealth
  1417 | D:2      | Reached XP level 4. HP: 35/42 MP: 4/4
  1698 | D:2      | Became a worshipper of Ru the Awakened
  2051 | D:3      | Reached XP level 5. HP: 31/50 MP: 5/5
  2070 | D:3      | Reached skill level 5 in Stealth
  2194 | D:3      | Found a runed door.
  2280 | D:3      | Noticed Crazy Yiuf
  2298 | D:3      | Gained mutation: You are partially covered in rugged brown scales. (AC +1, +3% HP) [potion of mutation]
  2298 | D:3      | Gained mutation: You are partially covered in large bone plates. (SH +4) [potion of mutation]
  2301 | D:3      | Killed Crazy Yiuf
  2720 | D:4      | Found a staircase to the Ecumenical Temple.
  2729 | Temple   | Entered the Ecumenical Temple
  2968 | Temple   | Fell from the grace of Ru
  2968 | Temple   | Became a worshipper of Gozag Ym Sagoz the Greedy
  2996 | D:4      | Reached skill level 1 in Staves
  3003 | D:4      | Reached skill level 6 in Stealth
  3003 | D:4      | Reached XP level 6. HP: 58/58 MP: 6/6
  3162 | D:4      | Found a glowing golden altar of the Shining One.
  3407 | D:4      | Reached skill level 7 in Stealth
  3453 | D:4      | Reached XP level 7. HP: 63/67 MP: 7/7
  3658 | D:5      | Entered Level 5 of the Dungeon
  3730 | D:5      | Found a stormy altar of Qazlal.
  3886 | D:5      | Reached skill level 8 in Stealth
  4168 | D:5      | Reached skill level 5 in Fighting
  4168 | D:5      | Reached XP level 8. HP: 65/76 MP: 8/8
  4374 | D:5      | Found a shattered altar of Ashenzari.
  4447 | D:5      | Reached skill level 9 in Stealth
  4526 | D:5      | Found a glowing silver altar of Zin.
  4919 | D:6      | Reached skill level 5 in Staves
  5309 | D:6      | Found a deep blue altar of Sif Muna.
  5330 | D:6      | Reached skill level 10 in Stealth
  5361 | D:6      | Found a snail-covered altar of Cheibriados.
  5753 | D:6      | Lost mutation: You are partially covered in rugged brown scales. (AC +1, +3% HP) [potion of mutation]
  5753 | D:6      | Lost mutation: You are partially covered in large bone plates. (SH +4) [potion of mutation]
  5753 | D:6      | Gained mutation: You are partially covered in thin metallic scales. (AC +2) [potion of mutation]
  5753 | D:6      | Gained mutation: You are robust. (+10% HP) [potion of mutation]
  5811 | D:6      | Reached XP level 9. HP: 80/90 MP: 9/9
  5914 | D:6      | Reached skill level 11 in Stealth
  6257 | D:7      | Reached skill level 1 in Dodging
  6302 | D:7      | Got a smoking dagger
  6360 | D:7      | Noticed Pikel
  6400 | D:7      | Killed Pikel
  6484 | D:7      | Reached skill level 12 in Stealth
  7335 | D:7      | Reached XP level 10. HP: 96/103 MP: 10/10
  7631 | D:8      | Found a sparkling altar of Nemelex Xobeh.
  7667 | D:8      | Found an ornate altar of the Wu Jian Council.
  7832 | D:8      | Reached skill level 5 in Axes
  8834 | D:9      | Found a staircase to the Orcish Mines.
  8837 | D:9      | Noticed a gargoyle
  8841 | Orc:1    | Entered Level 1 of the Orcish Mines
  8941 | Orc:1    | HP: 4/154 [warg (9)]
  8942 | Orc:1    | Slain by a warg

Skill      XL: |  1  2  3  4  5  6  7  8  9 10 |
---------------+-------------------------------+-----
Stealth        | 1 2 4 6 7 8 10 12 | 12.8
Axes           | 3 4 7 |  7.3
Fighting       | 4 5 7 |  7.6
Staves         | 1 2 4 6 |  6.6
Dodging        | 3 |  3.6
Armour         | |  2.4
Shields        | |  2.4

Action                   |  1- 3 |  4- 6 |  7- 9 | 10-12 || total
-------------------------+-------+-------+-------+-------++-------
Melee: War axe           |   112 |   100 |   102 |   214 ||   528
       Quarterstaff      |       |    76 |   214 |       ||   290
Throw: Tomahawk          |       |       |     9 |       ||     9
Invok: Potion Petition   |       |     1 |       |       ||     1
 Abil: Spit Poison       |     5 |       |       |       ||     5
       Evoke Flight      |       |       |     1 |       ||     1
  Use: Scroll            |     3 |     4 |     8 |     2 ||    17
       Potion            |       |     3 |     6 |     3 ||    12
 Stab: Sleeping          |       |     4 |    10 |     7 ||    21
       Petrifying        |       |       |     1 |       ||     1
       Petrified         |       |       |     1 |       ||     1
       Paralysed         |       |       |     4 |       ||     4
       Distracted        |       |       |     1 |       ||     1
  Eat: Chunk             |     1 |     1 |     1 |       ||     3
       Ration            |       |     2 |     3 |     5 ||    10
Armor: Scale mail        |    61 |    96 |   201 |   172 ||   530
Dodge: Dodged            |    35 |    88 |   124 |   133 ||   380
Block: Shield            |    64 |    52 |       |       ||   116
       Other             |       |    17 |    21 |       ||    38
